 Dungeon Crawl Stone Soup version 0.31-a0-112-gdf0485fa37 (webtiles) character file.

Game seed: 5326948955911031190

138 NateTC the Magician (level 5, 0/35 HPs)
             Began as a Djinni Conjurer on May 28, 2023.
             Killed by an exploding butterfly (9 damage)
             ... ignited by their inner flame
             ... on level 3 of the Dungeon.
             The game lasted 00:01:11 (2329 turns).

NateTC the Magician (Djinni Conjurer)               Turns: 2329, Time: 00:01:11

Health: 0/35       AC:  2    Str:  6    XL:     5   Next: 45%
Gold:   60         EV: 12    Int: 22    God:
                   SH:  0    Dex: 11

rFire   + + .        (no weapon)
rCold   x . .        (no shield)
rNeg    . . .        a - +0 robe
rPois   ∞            (no helmet)
rElec   .            (no cloak)
rCorr   .            (no gloves)
SInv    .            (boots unavailable)
Will    .....        (no amulet)
Stlth   ++           (no ring)
HPRegen 0.25/turn    (no ring)
MPRegen 0.00/turn

%: infuse magic (-1 HP)
@: flying
A: sickness immunity, fire resistance 2, cold vulnerability 1, float, innate
caster, HP casting, extra vitality 1
a: no special abilities


You were on level 3 of the Dungeon.
You visited 1 branch of the dungeon, and saw 3 of its levels.

You collected 60 gold pieces.

Inventory:

Armour
 a - a +0 robe (worn)
Jewellery
 i - an amulet of regeneration
 k - a +6 ring of dexterity
Potions
 b - 3 potions of enlightenment
 c - a potion of brilliance {unknown}
 e - 3 potions of resistance
 f - 3 potions of heal wounds
 g - a potion of invisibility {unknown}
 l - a potion of magic {unknown}
 m - 2 potions of degeneration {unknown}
 n - a potion of mutation {unknown}
 p - 3 potions of curing {unknown}
 q - a potion of might {unknown}


   Skills:
 - Level 2.1 Dodging
 - Level 1.5 Stealth
 + Level 5.0 Spellcasting
 + Level 5.0 Conjurations
 + Level 5.0 Hexes
 + Level 5.0 Summonings
 + Level 5.0 Necromancy
 + Level 5.0 Translocations
 + Level 5.0 Transmutations
 + Level 5.0 Fire Magic
 + Level 5.0 Ice Magic
 + Level 5.0 Air Magic
 + Level 5.0 Earth Magic
 + Level 5.0 Poison Magic


You knew the following spells:

 Your Spells              Type           Power      Damage    Failure   Level
a - Magic Dart            Conj           100%       1d8       1%          1
b - Searing Ray           Conj           54%        2d6       1%          2
c - Dazzling Flash        Conj/Hex       54%        N/A       3%          3
d - Fulminant Prism       Conj/Hex       13%        3d8       13%         4
e - Iskenderun's Mystic   Conj/Tloc      27%        2d7       13%         4
f - Beastly Appendage     Tmut           54%        N/A       1%          1
g - Momentum Strike       Conj/Tloc      54%        3d9       1%          2
Your spell library was empty.

Dungeon Overview and Level Annotations

Branches:
Dungeon (3/15) Zot: 15670

Altars:
Makhleb


Innate Abilities, Weirdness & Mutations

You are immune to sickness and miasma.
You are immune to poison.
Your flesh is very heat resistant. (rF++)
You are vulnerable to cold. (rC-)
You float through the air rather than walking.
You learn spells naturally, not from books.
Your magical power is your life essence.
You have superior vitality. (+4 MHP)


Message History

Your butterfly disappears in a burst of colours!
Your butterfly explodes!
The fiery explosion engulfs your butterfly!!
Your butterfly disappears in a burst of colours!
The fiery explosion engulfs your butterfly!!
Your butterfly disappears in a burst of colours!
Your butterfly explodes! x2
The fiery explosion engulfs your butterfly!!!
Your butterfly disappears in a burst of colours!
Your butterfly explodes! x3
The fiery explosion engulfs your butterfly!!
Your butterfly disappears in a burst of colours!
The fiery explosion engulfs your butterfly!!
Your butterfly disappears in a burst of colours!
The fiery explosion engulfs your butterfly!!
Your butterfly disappears in a burst of colours!
Your butterfly explodes!
The fiery explosion engulfs your butterfly!!
Your butterfly disappears in a burst of colours!
Your butterfly explodes!
The fiery explosion engulfs your butterfly!!!
Your butterfly disappears in a burst of colours!
Your butterfly explodes! x9
The fiery explosion engulfs you. You resist.
Your butterfly explodes!
The fiery explosion engulfs you! You resist.
Your butterfly explodes!
The fiery explosion engulfs your butterfly!
Your butterfly disappears in a burst of colours!
The fiery explosion engulfs your butterfly!!
Your butterfly disappears in a burst of colours!
The fiery explosion engulfs your butterfly!
Your butterfly disappears in a burst of colours!
The fiery explosion engulfs you. You resist.
Your butterfly explodes!
The fiery explosion engulfs you. You resist.
* * * LOW HITPOINT WARNING * * *
Your butterfly explodes!
The fiery explosion engulfs you! You resist.
You die...

###...............#
#(.....§§....####.##
#####.#.####§###.###...##
#.......# #§# #.##.....##
#..####.# #§# #.........# #..#
#.# #b# #>##......# #..####.#
#§###§§##§..#.##### ####(......#
#§§§§§§§§#.#.#..... .......###.#
#§@§§§§§§§.##.##### .###.#.# #.#
##§§§§§§§§...###### .# #.#.#
#.#####§§§§§§§§......... .###.#.#
#.....§§§§§§§§###.######
.....#.#########§§§§§§§###.## #
.#####.........#§§§§§§§##...#####
.# #..###....§§§§§b§§§..#......
.# #..# #....§§§§.§§§##...#####
.# #..###.....>.....####.## #


There were no monsters in sight!

Vanquished Creatures
  4 gnolls (D:3)
  4 adders
  2 orcs (D:3)
  4 bats (D:1)
  6 endoplasms
  4 giant cockroaches
  6 goblins
  8 hobgoblins
  2 jackals (D:1)
  6 kobolds
  2 quokkas
  4 ball pythons
  3 frilled lizards (D:1)
  7 rats
62 creatures vanquished.

Notes
Turn   | Place    | Note
-------+----------+-------------------------------------------
     0 | D:1      | NateTC the Djinni Conjurer began the quest for the Orb.
     0 | D:1      | NateTC set off with the following spells memorised: Magic
                  | Dart, Searing Ray, Dazzling Flash, Fulminant Prism,
                  | Iskenderun's Mystic Blast.
     0 | D:1      | Reached XP level 1. HP: 15/15 MP: 0/0
   167 | D:1      | Reached XP level 2. HP: 17/21 MP: 0/0
   437 | D:1      | Reached XP level 3. HP: 23/25 MP: 0/0
   437 | D:1      | Learned a level 1 spell: Beastly Appendage
   777 | D:1      | Found a faded altar of an unknown god.
  1246 | D:2      | Reached XP level 4. HP: 29/31 MP: 0/0
  1345 | D:2      | Found a burning altar of Makhleb.
  2028 | D:3      | Reached XP level 5. HP: 33/35 MP: 0/0
  2028 | D:3      | Learned a level 2 spell: Momentum Strike
  2165 | D:3      | Reached skill level 5 in Spellcasting
  2165 | D:3      | Reached skill level 5 in Conjurations
  2165 | D:3      | Reached skill level 5 in Hexes
  2165 | D:3      | Reached skill level 5 in Summonings
  2165 | D:3      | Reached skill level 5 in Necromancy
  2165 | D:3      | Reached skill level 5 in Translocations
  2165 | D:3      | Reached skill level 5 in Transmutations
  2165 | D:3      | Reached skill level 5 in Fire Magic
  2165 | D:3      | Reached skill level 5 in Ice Magic
  2165 | D:3      | Reached skill level 5 in Air Magic
  2165 | D:3      | Reached skill level 5 in Earth Magic
  2165 | D:3      | Reached skill level 5 in Poison Magic
  2329 | D:3      | Killed by an exploding butterfly... ignited by their inner
                  | flame

Illustrated notes

Levels and vault maps discovered:
D:1:      minmay_arrival_five_plusses, layout_basic,
          shapermc_ecumenical_altar_petra, serial_rivers,
          chequers_serial_rivers_room_b, chequers_serial_rivers_small_b,
          chequers_serial_rivers_room_b, chequers_serial_rivers_large_a,
          chequers_serial_rivers_micro_d
D:2:      layout_basic, basic_altar
D:3:      layout_loops_ring

Skill      XL: |  1  2  3  4  5 |
---------------+----------------+-----
Spellcasting   | 4 5 |  5.0
Conjurations   | 4 5 |  5.0
Hexes          | 4 5 |  5.0
Summonings     | 4 5 |  5.0
Necromancy     | 4 5 |  5.0
Translocations | 4 5 |  5.0
Transmutations | 4 5 |  5.0
Fire Magic     | 4 5 |  5.0
Ice Magic      | 4 5 |  5.0
Air Magic      | 4 5 |  5.0
Earth Magic    | 4 5 |  5.0
Poison Magic   | 4 5 |  5.0
Dodging        | |  2.1
Stealth        | |  1.5

Action                     |  1- 3 |  4- 6 || total
---------------------------+-------+-------++-------
   Cast: Magic Dart        |    78 |    52 ||   130
    Use: Scroll            |       |     9 ||     9
 Armour: Robe              |       |     1 ||     1
  Dodge: Dodged            |    10 |     1 ||    11

Table legend: (Time is in decaauts)
 A = Elapsed time spent in this place.
 B = Non-inter-level travel time spent in this place.
 C = Inter-level travel time spent in this place.
 D = Time resting spent in this place.
 E = Time spent auto-exploring this place.
 F = Levels seen in this place.
 G = Mean time per level.
                   A        B        C        D        E       F      G
               +--------+--------+--------+--------+--------+-----+--------+
         Total |   2328 |   2308 |     20 |      0 |   2057 |   3 |  776.0 |
       Dungeon |   2328 |   2308 |     20 |      0 |   2057 |   3 |  776.0 |
               +--------+--------+--------+--------+--------+-----+--------+

Top non-repeatable levels by time:
     D:1: 1051 daAuts
     D:3: 766 daAuts
     D:2: 510 daAuts
